3AAA
SCRANTON SUPERNOVAS @ HOUSTON BC
09/05/2022
 
TOP OF THE 1ST
Scranton Supernovas batting - Pitching for Houston BC : LHP Carlos Méndez
Pitching: LHP Carlos Méndez
Batting: RHB Jim Unknown 0-0: Ball
1-0: Swinging Strike
1-1: Swinging Strike
1-2: Ball
2-2: Fly out, F8 (Flyball, 8LM)
Batting: RHB Josh Stafford 0-0: Ground out 5-3 (Groundball, 5)
Batting: RHB Jesús Rodríguez 0-0: Ball
1-0: SINGLE (Flyball, 6MD)
Batting: LHB Héctor Torres 0-0: Ball
1-0: Ball
2-0: Fly out, F8 (Flyball, 8RD)
Top of the 1st over - 0 run(s), 1 hit(s), 0 error(s), 1 left on base; Scranton 0 - Houston 0
BOTTOM OF THE 1ST
Houston BC batting - Pitching for Scranton Supernovas : RHP Jim Unknown
Pitching: RHP Jim Unknown
Batting: RHB José Muńóz 0-0: Ball
1-0: Ball
2-0: Ball
3-0: Called Strike
3-1: Foul Ball, location: 2F
3-2: Foul Ball, location: 2F
3-2: Ground out 5-3 (Groundball, 56S)
Batting: LHB António Rivera 0-0: Called Strike
0-1: Ball
1-1: Swinging Strike
1-2: Fly out, F5 (Popup, 5F)
Batting: LHB Yun Yen 0-0: Called Strike
0-1: Ball
1-1: Foul Ball, location: 2F
1-2: Ball
2-2: SINGLE (Groundball, 3D)
Batting: LHB Jesús Reyes 0-0: Ball
1-0: Ball
2-0: Ball
3-0: Called Strike
3-1: Ground out 3-1 (Groundball, 3L)
Bottom of the 1st over - 0 run(s), 1 hit(s), 0 error(s), 1 left on base; Scranton 0 - Houston 0
TOP OF THE 2ND
Scranton Supernovas batting - Pitching for Houston BC : LHP Carlos Méndez
Batting: RHB Lance Davis 0-0: Called Strike
0-1: Foul Ball, location: 2F
0-2: Ball
1-2: Ball
2-2: Foul Ball, location: 2F
2-2: Reached on error, E5 (Groundball, 5S)
Batting: RHB Patrizio Vanali 0-0: Ball
1-0: Ball
2-0: Ball
3-0: Base on Balls
Lance Davis to second
Batting: RHB Brad Jacobson 0-0: Ball
1-0: Ground out 6-3 (Groundball, 6S)
Lance Davis to third
Patrizio Vanali to second
Batting: RHB Stephen Blair 0-0: Ball
1-0: Swinging Strike
1-1: Foul Ball, location: 2F
1-2: Strikes out looking
Batting: RHB Jerome Wilson 0-0: Ball
1-0: Swinging Strike
1-1: Ball
2-1: Called Strike
2-2: Foul Ball, location: 2F
2-2: Ball
3-2: Base on Balls
Batting: RHB Jim Unknown 0-0: Fielders Choice at 2nd, 6-4 (Groundball, 6)
Top of the 2nd over - 0 run(s), 0 hit(s), 1 error(s), 2 left on base; Scranton 0 - Houston 0
BOTTOM OF THE 2ND
Houston BC batting - Pitching for Scranton Supernovas : RHP Jim Unknown
Batting: SHB Xavier Vásquez 0-0: Reached on error, E3 (Groundball, 23)
Batting: RHB Max White 0-0: Ball
1-0: Ball
2-0: Foul Ball, location: 2F
2-1: SINGLE (Groundball, 56)
Xavier Vásquez to second
Batting: RHB Steffen Taylor 0-0: Swinging Strike
0-1: Foul Ball, location: 2F
0-2: Strikes out looking
Batting: RHB Ludovico Trezza 0-0: Ball
1-0: Ball
2-0: Called Strike
2-1: Foul Ball, location: 2F
2-2: Ball
3-2: Strikes out swinging
Batting: RHB Albert Delgado 0-0: Fielders Choice at 2nd, U6 (Groundball, 6M)
Bottom of the 2nd over - 0 run(s), 1 hit(s), 1 error(s), 2 left on base; Scranton 0 - Houston 0
TOP OF THE 3RD
Scranton Supernovas batting - Pitching for Houston BC : LHP Carlos Méndez
Batting: RHB Josh Stafford 0-0: Ball
1-0: Called Strike
1-1: Called Strike
1-2: Ball
2-2: Strikes out swinging
Batting: RHB Jesús Rodríguez 0-0: Swinging Strike
0-1: Ball
1-1: Foul Ball, location: 2F
1-2: Foul Ball, location: 2F
1-2: Fly out, F8 (Flyball, 89D)
Batting: LHB Héctor Torres 0-0: Ball
1-0: Ball
2-0: Called Strike
2-1: Ball
3-1: Called Strike
3-2: Fly out, F8 (Flyball, 8RXD)
Top of the 3rd over - 0 run(s), 0 hit(s), 0 error(s), 0 left on base; Scranton 0 - Houston 0
BOTTOM OF THE 3RD
Houston BC batting - Pitching for Scranton Supernovas : RHP Jim Unknown
Batting: RHB José Muńóz 0-0: Called Strike
0-1: Ball
1-1: Foul Ball, location: 2F
1-2: Ground out 6-3 (Groundball, 6)
Batting: LHB António Rivera 0-0: Foul Ball, location: 2F
0-1: DOUBLE (Flyball, 8RM)
Batting: LHB Yun Yen 0-0: Called Strike
0-1: Ball
1-1: Ball
2-1: DOUBLE (Line Drive, 9LS)
António Rivera scores
Batting: LHB Jesús Reyes 0-0: Ball
1-0: Ground out U3 (Groundball, 3)
Yun Yen to third
Batting: SHB Xavier Vásquez 0-0: Ground out U3 (Groundball, 3)
Bottom of the 3rd over - 1 run(s), 2 hit(s), 0 error(s), 1 left on base; Scranton 0 - Houston 1
TOP OF THE 4TH
Scranton Supernovas batting - Pitching for Houston BC : LHP Carlos Méndez
Batting: RHB Lance Davis 0-0: Ball
1-0: Swinging Strike
1-1: Ball
2-1: Ball
3-1: Base on Balls
Batting: RHB Patrizio Vanali 0-0: Fly out, F8 (Flyball, 78XD)
Batting: RHB Brad Jacobson 0-0: Ball
1-0: Ball
2-0: Called Strike
2-1: Called Strike
2-2: Foul Ball, location: 2F
2-2: Grounds into double play, 6-4-3 (Groundball, 6M)
Top of the 4th over - 0 run(s), 0 hit(s), 0 error(s), 0 left on base; Scranton 0 - Houston 1
BOTTOM OF THE 4TH
Houston BC batting - Pitching for Scranton Supernovas : RHP Jim Unknown
Batting: RHB Max White 0-0: Swinging Strike
0-1: Called Strike
0-2: Ball
1-2: Ball
2-2: Foul Ball, location: 2F
2-2: Strikes out swinging
Batting: RHB Steffen Taylor 0-0: Called Strike
0-1: Ball
1-1: Swinging Strike
1-2: Foul Ball, location: 2F
1-2: Strikes out looking
Batting: RHB Ludovico Trezza 0-0: Called Strike
0-1: Ball
1-1: Called Strike
1-2: Ball
2-2: Ball
3-2: Ground out 1-3 (Groundball, 13S)
Bottom of the 4th over - 0 run(s), 0 hit(s), 0 error(s), 0 left on base; Scranton 0 - Houston 1
TOP OF THE 5TH
Scranton Supernovas batting - Pitching for Houston BC : LHP Carlos Méndez
Batting: RHB Stephen Blair 0-0: Called Strike
0-1: Called Strike
0-2: Ball
1-2: Ball
2-2: Strikes out swinging
Batting: RHB Jerome Wilson 0-0: Called Strike
0-1: Ball
1-1: Swinging Strike
1-2: Ball
2-2: Foul Ball, location: 2F
2-2: SINGLE (Line Drive, 6M)
Batting: RHB Jim Unknown 0-0: Ball
1-0: Ball
2-0: Ball
3-0: Called Strike
3-1: Called Strike
3-2: Strikes out looking
Batting: RHB Josh Stafford 0-0: Ball
Jerome Wilson is caught stealing 2nd base
Top of the 5th over - 0 run(s), 1 hit(s), 0 error(s), 0 left on base; Scranton 0 - Houston 1
BOTTOM OF THE 5TH
Houston BC batting - Pitching for Scranton Supernovas : RHP Jim Unknown
Batting: RHB Albert Delgado 0-0: Ball
1-0: Swinging Strike
1-1: Foul Ball, location: 2F
1-2: Ground out 6-3 (Groundball, 6)
Batting: RHB José Muńóz 0-0: Ball
1-0: Called Strike
1-1: Foul Ball, location: 2F
1-2: Ball
2-2: Foul Ball, location: 2F
2-2: Ground out 6-3 (Groundball, 6)
Batting: LHB António Rivera 0-0: Ground out 6-3 (Groundball, 6M)
Bottom of the 5th over - 0 run(s), 0 hit(s), 0 error(s), 0 left on base; Scranton 0 - Houston 1
TOP OF THE 6TH
Scranton Supernovas batting - Pitching for Houston BC : LHP Carlos Méndez
Batting: RHB Josh Stafford 0-0: Called Strike
0-1: Ball
1-1: Fly out, F8 (Flyball, 8RXD)
Batting: RHB Jesús Rodríguez 0-0: Called Strike
0-1: Foul Ball, location: 2F
0-2: Foul Ball, location: 2F
0-2: Strikes out swinging
Batting: LHB Héctor Torres 0-0: Ball
1-0: Ball
2-0: Ground out 6-3 (Groundball, 4M)
Top of the 6th over - 0 run(s), 0 hit(s), 0 error(s), 0 left on base; Scranton 0 - Houston 1
BOTTOM OF THE 6TH
Houston BC batting - Pitching for Scranton Supernovas : RHP Jim Unknown
Batting: LHB Yun Yen 0-0: Ball
1-0: Fly out, F9 (Line Drive, 9S)
Batting: LHB Jesús Reyes 0-0: Ball
1-0: Ball
2-0: Ball
3-0: Base on Balls
Batting: SHB Xavier Vásquez 0-0: Foul Ball, location: 2F
0-1: Ball
1-1: Ball
2-1: Ball
3-1: Foul Ball, location: 2F
3-2: Strikes out swinging
Batting: RHB Max White 0-0: Swinging Strike
0-1: Ball
1-1: Foul Ball, location: 2F
1-2: Strikes out swinging
Bottom of the 6th over - 0 run(s), 0 hit(s), 0 error(s), 1 left on base; Scranton 0 - Houston 1
TOP OF THE 7TH
Scranton Supernovas batting - Pitching for Houston BC : LHP Carlos Méndez
Batting: RHB Lance Davis 0-0: Swinging Strike
0-1: Called Strike
0-2: Ball
1-2: Ball
2-2: Ball
3-2: SINGLE (Flyball, 8LS) - OUT at second base trying to stretch hit.
Batting: RHB Patrizio Vanali 0-0: Ball
1-0: Ball
2-0: Called Strike
2-1: Swinging Strike
2-2: Strikes out swinging
Batting: RHB Brad Jacobson 0-0: Called Strike
0-1: Called Strike
0-2: Foul Ball, location: 2F
0-2: Ball
1-2: Fly out, F8 (Flyball, 8RD)
Top of the 7th over - 0 run(s), 1 hit(s), 0 error(s), 0 left on base; Scranton 0 - Houston 1
BOTTOM OF THE 7TH
Houston BC batting - Pitching for Scranton Supernovas : RHP Jim Unknown
Batting: RHB Steffen Taylor 0-0: Called Strike
0-1: Foul Ball, location: 2F
0-2: Ground out 4-3 (Groundball, 4)
Batting: RHB Ludovico Trezza 0-0: Ball
1-0: Fly out, F2 (Popup, 2RF)
Batting: RHB Albert Delgado 0-0: Ball
1-0: Fly out, F8 (Flyball, 8RXD)
Bottom of the 7th over - 0 run(s), 0 hit(s), 0 error(s), 0 left on base; Scranton 0 - Houston 1
TOP OF THE 8TH
Scranton Supernovas batting - Pitching for Houston BC : LHP Carlos Méndez
Pitching: RHP Dan Hobbs
Batting: RHB Stephen Blair 0-0: Ball
1-0: Ball
2-0: Fly out, F8 (Flyball, 8LXD)
Batting: RHB Jerome Wilson 0-0: Ball
1-0: Ground out 6-3 (Groundball, 56)
Batting: RHB Jim Unknown 0-0: Fly out, F7 (Flyball, 78M)
Top of the 8th over - 0 run(s), 0 hit(s), 0 error(s), 0 left on base; Scranton 0 - Houston 1
BOTTOM OF THE 8TH
Houston BC batting - Pitching for Scranton Supernovas : RHP Jim Unknown
Batting: RHB José Muńóz 0-0: Ball
1-0: Foul Ball, location: 2F
1-1: Foul Ball, location: 2F
1-2: Foul Ball, location: 2F
1-2: SINGLE (Line Drive, 56)
Batting: LHB António Rivera 0-0: Called Strike
0-1: Ball
1-1: Foul Ball, location: 2F
1-2: Foul Ball, location: 2F
1-2: Ball
2-2: Ball
3-2: Foul Ball, location: 2F
3-2: Strikes out swinging
José Muńóz steals 2nd base
Batter strikes out.
Pitching: RHP Tony Newell
Batting: LHB Yun Yen 0-0: Ball
1-0: Ball
2-0: Called Strike
2-1: Foul Ball, location: 2F
2-2: Fly out, F9 (Flyball, 9LM)
Runner from 2nd tags up, OUT at 3rd
Bottom of the 8th over - 0 run(s), 1 hit(s), 0 error(s), 0 left on base; Scranton 0 - Houston 1
TOP OF THE 9TH
Scranton Supernovas batting - Pitching for Houston BC : RHP Dan Hobbs
Pitching: RHP Doug Ryan
Batting: RHB Josh Stafford 0-0: Called Strike
0-1: Ball
1-1: Foul Ball, location: 2F
1-2: Ball
2-2: Ball
3-2: Base on Balls
Batting: RHB Jesús Rodríguez 0-0: Ball
1-0: Ball
2-0: Called Strike
2-1: Foul Ball, location: 2F
2-2: Ball
3-2: Foul Ball, location: 2F
3-2: Foul Ball, location: 2F
3-2: Foul Ball, location: 2F
3-2: DOUBLE (Line Drive, 8LD)
Josh Stafford to third
Runner from 3rd tries for Home, SAFE, no throw or cutoff
Batting: LHB Héctor Torres 0-0: Intentional Walk
Batting: RHB Lance Davis 0-0: Foul Ball, location: 2F
0-1: Ball
1-1: Fly out, F9 (Line Drive, 9M)
Batting: RHB Patrizio Vanali 0-0: Ball
1-0: Foul Ball, location: 2F
1-1: Ball
2-1: Foul Ball, location: 2F
2-2: Ball
3-2: Fielders Choice at 3rd, U5 (Groundball, 5L)
Héctor Torres to second
Pinch Runner at 2nd Steven Johnson:
Batting: RHB Brad Jacobson 0-0: Ground out 6-3 (Groundball, 56)
Top of the 9th over - 1 run(s), 1 hit(s), 0 error(s), 2 left on base; Scranton 1 - Houston 1
BOTTOM OF THE 9TH
Houston BC batting - Pitching for Scranton Supernovas : RHP Tony Newell
Pitching: RHP Jim Unknown
Now in RF: Jim Unknown
Batting: LHB Jesús Reyes 0-0: Ball
1-0: Ball
2-0: Ball
3-0: Called Strike
3-1: Fly out, F9 (Flyball, 89XD)
Batting: SHB Xavier Vásquez 0-0: Ball
1-0: Foul Ball, location: 2F
1-1: Swinging Strike
1-2: Ball
2-2: Ground out 4-3 (Groundball, 34)
Batting: RHB Max White 0-0: Called Strike
0-1: Ball
1-1: Ground out 1-3 (Groundball, 15)
Bottom of the 9th over - 0 run(s), 0 hit(s), 0 error(s), 0 left on base; Scranton 1 - Houston 1
TOP OF THE 10TH
Scranton Supernovas batting - Pitching for Houston BC : RHP Doug Ryan
Batting: RHB Stephen Blair 0-0: SINGLE (Groundball, 56)
Batting: RHB Jerome Wilson 0-0: Sac Bunt - play at first, batter OUT! 1-4
Stephen Blair to second
Pinch Hitting: RHB Ethan Stanford 0-0: Ball
1-0: Ball
2-0: Ball
3-0: Called Strike
3-1: SINGLE (Line Drive, 8RS)
Stephen Blair to third
Runner from 3rd tries for Home, SAFE, no throw or cutoff
Pitching: RHP Júlio Rodríguez
Batting: RHB Josh Stafford 0-0: Called Strike
0-1: Ball
1-1: Called Strike
1-2: Foul Ball, location: 2F
1-2: Foul Ball, location: 2F
1-2: Fly out, F8 (Flyball, 8RM)
Batting: RHB Jesús Rodríguez 0-0: Ball
1-0: Called Strike
1-1: Called Strike
1-2: Foul Ball, location: 2F
1-2: Strikes out looking
Top of the 10th over - 1 run(s), 2 hit(s), 0 error(s), 1 left on base; Scranton 2 - Houston 1
BOTTOM OF THE 10TH
Houston BC batting - Pitching for Scranton Supernovas : RHP Jim Unknown
Now at SS: Phil Fleming
Now in LF: Ethan Stanford
Pinch Hitting: RHB Micah Miller 0-0: Fly out, F9 (Flyball, 89S)
Batting: RHB Ludovico Trezza 0-0: Ball
1-0: SINGLE (Line Drive, 3)
Pinch Hitting: RHB Bobby Buck 0-0: Ball
1-0: Foul Ball, location: 2F
1-1: Ball
2-1: SINGLE (Flyball, 8RS)
Ludovico Trezza to second
Runner from 2nd tries for 3rd, SAFE, no throw or cutoff
Batting: RHB José Muńóz 0-0: SINGLE (Groundball, 56D)
Ludovico Trezza scores
Bobby Buck to second
Batting: LHB António Rivera 0-0: Called Strike
0-1: Foul Ball, location: 2F
0-2: Foul Ball, location: 2F
0-2: Ball
1-2: Grounds into double play, 6-4-3 (Groundball, 6M)
Bottom of the 10th over - 1 run(s), 3 hit(s), 0 error(s), 1 left on base; Scranton 2 - Houston 2
TOP OF THE 11TH
Scranton Supernovas batting - Pitching for Houston BC : RHP Júlio Rodríguez
Now at 3B: Jim Unknown
Now in LF: Micah Miller
Batting: LHB Jim Unknown 0-0: Ball
1-0: Called Strike
1-1: Swinging Strike
1-2: Foul Ball, location: 2F
1-2: Ball
2-2: Foul Ball, location: 2F
2-2: Strikes out swinging
Batting: RHB Lance Davis 0-0: Swinging Strike
0-1: Called Strike
0-2: Ground out 6-3 (Groundball, 6)
Batting: RHB Patrizio Vanali 0-0: Foul Ball, location: 2F
0-1: Ball
1-1: Swinging Strike
1-2: Ball
2-2: Foul Ball, location: 2F
2-2: Strikes out swinging
Top of the 11th over - 0 run(s), 0 hit(s), 0 error(s), 0 left on base; Scranton 2 - Houston 2
BOTTOM OF THE 11TH
Houston BC batting - Pitching for Scranton Supernovas : RHP Jim Unknown
Pitching: LHP Raúl Melro
Batting: LHB Yun Yen 0-0: Foul Ball, location: 2F
0-1: Ground out 4-3 (Groundball, 4)
Batting: LHB Jesús Reyes 0-0: Ball
1-0: Ball
2-0: Fly out, F3 (Popup, 34S)
Batting: SHB Xavier Vásquez 0-0: Fly out, F8 (Flyball, 8RM)
Bottom of the 11th over - 0 run(s), 0 hit(s), 0 error(s), 0 left on base; Scranton 2 - Houston 2
TOP OF THE 12TH
Scranton Supernovas batting - Pitching for Houston BC : RHP Júlio Rodríguez
Batting: RHB Brad Jacobson 0-0: Ball
1-0: Swinging Strike
1-1: Swinging Strike
1-2: Foul Ball, location: 2F
1-2: Ball
2-2: Strikes out swinging
Pitching: RHP Clemente Prista
Batting: RHB Stephen Blair 0-0: Ball
1-0: Foul Ball, location: 2F
1-1: Ball
2-1: SINGLE (Flyball, 4D)
Batting: RHB Jerome Wilson 0-0: Ball
1-0: Called Strike
1-1: Foul Ball, location: 2F
1-2: Foul Ball, location: 2F
1-2: Foul Ball, location: 2F
1-2: Fly out, F6 (Line Drive, 56)
Batting: RHB Ethan Stanford 0-0: Ball
1-0: Ball
2-0: Called Strike
2-1: Foul Ball, location: 2F
2-2: Fly out, F9 (Flyball, 89M)
Top of the 12th over - 0 run(s), 1 hit(s), 0 error(s), 1 left on base; Scranton 2 - Houston 2
BOTTOM OF THE 12TH
Houston BC batting - Pitching for Scranton Supernovas : LHP Raúl Melro
Batting: RHB Max White 0-0: Ball
1-0: Foul Ball, location: 2F
1-1: Ball
2-1: Ball
3-1: Base on Balls
Batting: RHB Micah Miller 0-0: Reached on error, E1 (Groundball, 13)
Max White to second
Batting: RHB Ludovico Trezza 0-0: Ball
1-0: Called Strike
1-1: Foul Ball, location: 2F
1-2: Foul Ball, location: 2F
1-2: Ball
2-2: Fly out, F8 (Flyball, 78M)
Batting: RHB Jim Unknown 0-0: Called Strike
0-1: Swinging Strike
0-2: Ball
1-2: Ball
2-2: Ground out 5-3 (Groundball, 5S)
Max White to third
Micah Miller to second
Batting: RHB José Muńóz 0-0: Swinging Strike
0-1: Ball
1-1: Ball
2-1: Ball
3-1: Swinging Strike
3-2: Base on Balls
Pinch Hitting: RHB Randy Gregory 0-0: Ball
1-0: SINGLE (Line Drive, 4D)
Max White scores
This league is powered by Out of the Park Baseball, the baseball management simulation game for PC, Mac and Linux
Friday, April 15th, 2016 - OOTP Baseball 16.9 Build 39